 Dungeon Crawl Stone Soup version 0.19.1-1-g22dce08 (console) character file.

30 Kloppie the Skirmisher (level 3, 0/30 HPs)
             Began as a Demonspawn Fighter on Jan 8, 2017.
             Slain by an adder (4 damage)
             ... on level 1 of the Dungeon.
             The game lasted 00:02:01 (1150 turns).

Kloppie the Skirmisher (Demonspawn Fighter)         Turns: 1150, Time: 00:02:01

Health: 0/30       AC:  8    Str: 21    XL:     3   Next: 3%
Magic:  3/3        EV:  5    Int:  9    God:
Gold:   30         SH:  9    Dex: 13    Spells: 0 memorised, 2 levels left

rFire  . . .     SeeInvis .     a - +0 long sword
rCold  . . .     Gourm    .     q - +0 chain mail
rNeg   . . .     Faith    .     c - +0 shield
rPois  .         Spirit   .     (no helmet)
rElec  .         Reflect  .     (no cloak)
rCorr  .         Harm     .     (no gloves)
MR     .....                    (no boots)
Stlth  ..........               (no amulet)
                                (no ring)
                                (no ring)

@: mighty, lethally poisoned (0 -> -6)
A: powered by death 1, rot immunity
a: no special abilities


You were on level 1 of the Dungeon.
You were not hungry.

You visited 1 branch of the dungeon, and saw 2 of its levels.

You collected 30 gold pieces.

Inventory:

Hand Weapons
 a - a +0 long sword (weapon)
Armour
 c - a +0 shield (worn)
 q - a +0 chain mail (worn)
Scrolls
 i - 3 scrolls of remove curse {unknown}
 j - a scroll of fear {unknown}
 n - a scroll of recharging {unknown}
 o - a scroll of enchant armour {unknown}
 p - a scroll of enchant weapon {unknown}
Potions
 e - 2 potions of haste {unknown}
 l - a potion of curing {unknown}
Comestibles
 f - a bread ration
 g - a meat ration
 h - a beef jerky
 k - 3 fruits


   Skills:
 + Level 3.7 Fighting
 + Level 2.5 Long Blades
 - Level 2.6 Armour
 - Level 2.6 Shields


You had 2 spell levels left.
You didn't know any spells.

Dungeon Overview and Level Annotations

Branches:
Dungeon (2/15)

Altars:


Innate Abilities, Weirdness & Mutations

You regenerate a little health from kills.
You are immune to rotting.


Message History

You climb upwards.
You feel sick.
There is a stone staircase leading down here.
You feel very mighty all of a sudden. The adder bites you but does no damage.
The adder barely misses you.
You closely miss the adder. The adder bites you but does no damage.
You block the adder's attack.
You miss the adder.
You feel sick. The adder barely misses you.
You closely miss the adder. The adder barely misses you.
The adder bites you but does no damage.
You slash the adder!
The adder is almost dead.
The adder bites you but does no damage. The adder bites you.
* * * LOW HITPOINT WARNING * * *
You are lethally poisoned!
The adder poisons you!
You completely miss the adder.
The adder is almost dead.
* * * LOW HITPOINT WARNING * * *
You feel sick. The adder bites you.
You die...

#.##.######.#.#
#.##.#......#.#####
#####.##.#.######.##...
#########.....##.#....#....#.##
#......##........####.#.#..#.#.
#......##........# #.#.#..#.#.
###......###.......#
#.#.#..#.##
.).......###.....S.#
#.#.##.'.+.
................@..#
#.#....#+##
.##................# #.####...#
.##.......#........# #.# #.###
.##(......#........####.# #.#
.##.........#.##.#......# #.#
.####.###.###.##.#.....## #.#
.# #.# #.....##.......# #.# .#
#.# ########.#....># #.#
.####.##########.#....(#####.#


You could see an adder.

Vanquished Creatures
  2 dart slugs (D:1)
  A giant cockroach (D:1)
  4 goblins (D:1)
  6 hobgoblins (D:1)
  3 jackals (D:1)
  A bat (D:1)
  2 frilled lizards (D:1)
  2 kobolds (D:1)
  2 rats (D:1)
23 creatures vanquished.

Notes
Turn   | Place    | Note
-------+----------+-------------------------------------------
     0 | D:1      | Kloppie the Demonspawn Fighter began the quest for the Orb.
     0 | D:1      | Reached XP level 1. HP: 18/18 MP: 1/1
   144 | D:1      | Gained mutation: You are immune to rotting. [demonic ancestry]
   144 | D:1      | Reached XP level 2. HP: 21/24 MP: 2/2
   291 | D:1      | HP: 1/24 [hobgoblin/club (2)]
   871 | D:1      | Gained mutation: You regenerate a little health from kills. [demonic ancestry]
   871 | D:1      | Reached XP level 3. HP: 29/29 MP: 3/3
  1150 | D:1      | Slain by an adder

Skill      XL: |  1 |
---------------+----+-----
Long Blades    | 2 |  2.5
Fighting       | |  3.7
Armour         | |  2.6
Shields        | |  2.6

Action                   || total
-------------------------++-------
Melee: Long sword        ||    90
  Use: Potion            ||     1
  Eat: Chunk             ||     1
Armor: Scale mail        ||    33
       Chain mail        ||    22
Dodge: Dodged            ||    30
Block: Shield            ||    49
       Rpst.: Long sword ||     7
